 Dungeon Crawl Stone Soup version 0.31.0-4-g52a2dc7128 (webtiles) character file.

Game seed: 5293677860026367363

111108 Abradoks the Bludgeoner (level 16, -22/128 HPs)
             Began as a Grey Draconian Shapeshifter on Jan 21, 2024.
             Was the Champion of Okawaru.
             Incinerated by xfalz's ghost (30 damage)
             ... with a sticky flame
             ... on level 1 of the Swamp.
             The game lasted 00:57:48 (25942 turns).

Abradoks the Bludgeoner (DrSh)                     Turns: 25942, Time: 00:57:49

Health: -22/128    AC: 26    Str: 22    XL:     16   Next: 8%
Magic:  0/23       EV: 12    Int:  6    God:    Okawaru [******]
Gold:   2183       SH:  9    Dex: 17    Spells: 15/15 levels left

rFire   . . .        U - +3 eveningstar (vamp)
rCold   . . .        x - +2 buckler
rNeg    . . .        (body armour unavailable)
rPois   +            E - +0 mask of the Dragon {Will+ Slay+3 SInv}
rElec   .            (no cloak)
rCorr   +            n - +1 pair of gloves of the Hot Ocelot {Regen+ rCorr Int-5 Dex+4}
SInv    +            O - +1 pair of boots
Will    ++...        G - amulet of guardian spirit
Stlth   +            l - ring of the Tortoise {AC+8}
HPRegen 1.21/turn    K - ring of poison resistance
MPRegen 0.18/turn

%: guardian spirit
@: on fire, maw-form, on berserk cooldown, slowed, glowing, very slow
A: devouring maw, AC +14, amphibious, unfitting armour, cold-blooded
a: Begin Untransformation, Renounce Religion, Heroism, Finesse, Duel


You were on level 1 of the Swamp.
You worshipped Okawaru.
Okawaru was exalted by your worship.
You were a creature with a mouth for a stomach.
You visited 5 branches of the dungeon, and saw 25 of its levels.

You collected 2535 gold pieces.
You spent 352 gold pieces at shops.

Inventory:

Hand Weapons
 k - a +3 flail of protection
 D - a +3 whip of electrocution
 U - a +3 vampiric eveningstar (weapon)
Missiles
 M - 4 throwing nets (quivered)
Armour
 n - the +1 pair of gloves of the Hot Ocelot (worn) {Regen+ rCorr Int-5 Dex+4}
   (You bought it in a shop on level 2 of the Orcish Mines)

   Int-5:     It affects your intelligence (-5).
   Dex+4:     It affects your dexterity (+4).
   Regen+:    It increases your rate of health regeneration.
   rCorr:     It protects you from acid and corrosion.
 x - a +2 buckler (worn)
 E - the +0 mask of the Dragon (worn) {Will+ Slay+3 SInv}
   (You acquired it on level 11 of the Dungeon)

   Slay+3:    It affects your accuracy & damage with ranged weapons and melee
   (+3).
   Will+:     It increases your willpower.
   SInv:      It lets you see invisible.
 I - the +2 hat "Fueprisoil" {^Drain rPois rN+}
   (Okawaru gifted it to you on level 2 of the Lair of Beasts)

   rPois:     It protects you from poison rN+: It protects you from negative
   energy.
   ^Drain:    It drains your maximum health when unequipped.
 O - a +1 pair of boots (worn)
Jewellery
 d - a ring of protection from cold
 l - the ring of the Tortoise (left hand) {AC+8}
   (You found it on level 2 of the Dungeon)

   [ring of protection]

   AC+8:      It affects your AC (+8).
 t - a ring of ice
 G - an amulet of guardian spirit (around neck)
 J - a ring of protection from fire
 K - a ring of poison resistance (right hand)
 R - a ring of positive energy
Talismans
 b - a beast talisman
 F - a maw talisman (active)
Wands
 m - a wand of roots (16)
 y - a wand of flame (54)
 z - a wand of polymorph (20)
 P - a wand of digging (6)
 Q - a wand of mindburst (2)
Scrolls
 c - a scroll of enchant weapon
 f - 3 scrolls of fear
 o - 2 scrolls of fog
 p - 2 scrolls of noise
 q - a scroll of acquirement
 r - 3 scrolls of vulnerability
 w - a scroll of silence
 A - 7 scrolls of identify
 B - 3 scrolls of immolation
 H - 3 scrolls of revelation
 N - a scroll of torment {unknown}
 S - a scroll of enchant armour
 T - 2 scrolls of teleportation
 W - a scroll of poison
Potions
 a - 9 potions of lignification
 e - 2 potions of berserk rage
 g - 5 potions of mutation {!q}
 h - 6 potions of curing
 i - 2 potions of ambrosia
 j - 5 potions of heal wounds
 u - a potion of resistance
 v - a potion of cancellation
 C - 2 potions of haste
 L - 3 potions of attraction


   Skills:
 - Level 8.0 Fighting
 + Level 16.1 Maces & Flails
 - Level 2.0 Dodging
 + Level 12.0 Shields
 - Level 3.0 Unarmed Combat
 - Level 10.0 Invocations
 + Level 8.4 Evocations
 + Level 15.3 Shapeshifting


You had 15 spell levels left.
You didn't know any spells.
Your spell library contained the following spells:

 Spells                   Type           Power      Damage    Failure   Level
 Apportation              Tloc           0%         N/A       50%         1
 Kiss of Death            Conj/Necr      0%         2d5       50%         1
 Magic Dart               Conj           0%         1d3       50%         1
 Necrotise                Necr           0%         1d4       50%         1
 Sting                    Conj/Alch      0%         1d3       50%         1
 Blink                    Tloc           0%         N/A       63%         2
 Confusing Touch          Hex            0%         N/A       86%         3
 Frozen Ramparts          Ice            0%         1d1       86%         3
 Gell's Gravitas          Tloc           0%         N/A       86%         3
 Teleport Other           Tloc           0%         N/A       86%         3
 Dispel Undead            Necr           0%         3d6       99%         4
 Leda's Liquefaction      Alch/Erth      0%         N/A       99%         4
 Petrify                  Alch/Erth      0%         N/A       99%         4
 Borgnjor's Vile Clutch   Necr/Erth      0%         N/A       100%        5
 Lee's Rapid Deconstruct  Erth           0%         3d4*      100%        5
 Metabolic Englaciation   Hex/Ice        0%         N/A       100%        5
 Bombard                  Conj/Erth      0%         9d1       100%        6
 Dispersal                Tloc           0%         N/A       100%        6
 Summon Small Mammal      Summ           Unusable   N/A       N/A         1
 Call Imp                 Summ           Unusable   N/A       N/A         2
 Animate Armour           Summ/Erth      Unusable   N/A       N/A         4
 Animate Dead             Necr           Unusable   N/A       N/A         4
 Summon Lightning Spire   Summ/Air       Unusable   N/A       N/A         4
 Death Channel            Necr           Unusable   N/A       N/A         6

Dungeon Overview and Level Annotations

Branches:
Dungeon (15/15)            Temple (1/1) D:6            Lair (5/5) D:11
  Swamp (2/4) Lair:3        Snake (0/4) Lair:3        Slime (0/5) Lair:5
    Orc (2/2) D:11            Elf (0/3) Orc:2        Vaults (0/5) D:13
 Depths (0/4) D:15

Altars:
Ashenzari
Cheibriados
Dithmenos
Elyvilon
Fedhas
Gozag
Hepliaklqana
Kikubaaqudgha
Makhleb
Nemelex Xobeh
Okawaru
Qazlal
Ru
Sif Muna
Trog
Uskayaw
Vehumet
Wu Jian
Xom
Yredelemnul
Zin
The Shining One
Jiyva
Lugonu

Shops:
D:1 *   D:3 ?   D:4 *   D:14 [   Orc:2 *:[(**=[

Annotations:
Swamp:1 xfalz's ghost, journeyman GnSk


Innate Abilities, Weirdness & Mutations

You are a creature with a mouth for a stomach.
Your midsection houses a second, enormous mouth.
Your dull iron-grey scales are very hard. (AC +14)
You are amphibious.
You cannot fit into any form of body armour.
You are cold-blooded and may be slowed by cold attacks.


Message History

Xfalz's ghost sprays you with burning goo.
The sticky flame hits you but does no damage.
You are even more covered in intense liquid fire!
You shake off some of the fire as you move.
A mysterious force pulls you upwards. The hatch slams shut behind you.
The liquid fire burns you!
You see here a javelin.
You bludgeon xfalz's ghost!!
You tail-slap xfalz's ghost, but do no damage.
You bite xfalz's ghost!
Xfalz's ghost is moderately damaged.
The liquid fire burns you!
Xfalz's ghost sprays you with burning goo.
The sticky flame hits you but does no damage.
You are even more covered in intense liquid fire!
You hit xfalz's ghost but do no damage.
Your tail-slap misses xfalz's ghost.
Your bite misses xfalz's ghost.
Xfalz's ghost is moderately damaged.
The liquid fire burns you!
* * * LOW MAGIC WARNING * * *;
* * * LOW HITPOINT WARNING * * *
Xfalz's ghost hits you!
* * * LOW MAGIC WARNING * * *;
* * * LOW HITPOINT WARNING * * *
You thump xfalz's ghost! You bite xfalz's ghost!
Xfalz's ghost is heavily damaged.
The liquid fire burns you!
* * * LOW MAGIC WARNING * * *;
* * * LOW HITPOINT WARNING * * *
Xfalz's ghost shrieks, "Very impressive.
But it won't help.
Nothing will."
Xfalz's ghost completely misses you.
You bludgeon xfalz's ghost!!
You bite xfalz's ghost, but do no damage.
Xfalz's ghost is severely damaged.
The liquid fire burns you!
* * * LOW MAGIC WARNING * * *;
* * * LOW HITPOINT WARNING * * *
Xfalz's ghost hits you but does no damage.
Blink to where?
Press: ? - help, Dir - move target
As you read the scroll of blinking, it crumbles to dust.
The liquid fire burns you!
* * * LOW MAGIC WARNING * * *
You die...

♣♣♣♣·~~~~~~~~···♣♣♣♣♣~§~~·♣♣··~~·
♣ ♣♣♣~~~·~~~~···♣ ♣♣~····♣♣~·~~~~
♣~·····~~·<♣♣♣♣ ♣~~§~·♣♣♣♣~~~~~
♣····~···~··♣♣♣♣♣·~~·~♣♣~♣~~~~~
♣·~~··~~~·······~···~♣♣~···~~~~
♣♣·~~·············♣··~·♣♣··~§~~~
♣♣····~~♣·······~~§§····♣♣§·~§~~~
♣~·§·♣♣···~·~·~~~···)·~♣♣··~~~~~~
♣·~§··~··~~~···~W···~·♣··~~·~~~··
♣·~·♣♣♣~·§~~·♣·····~~······♣·~~·♣
♣♣♣··♣♣~·~~··♣~·······~~·♣♣♣♣♣♣♣♣
♣♣~♣♣·~~§§~♣··~~~~··~§·♣ ♣
♣♣♣~·~~~~~♣··~~~~·~~~·♣ ♣
♣♣♣··~~§·♣~··~~·····♣♣ ♣
♣♣···[···~~♣♣~~♣♣♣♣§~♣♣♣♣ ♣
♣♣··~····~··♣♣♣♣♣~♣·~W~··♣♣♣ ♣
♣♣·····♣·~~~~♣♣♣ ♣·~~~~~§~··♣♣ ♣


You could see xfalz's ghost.

Vanquished Creatures
  2 orc warlords
  An ironbound preserver (D:13)
  An eleionoma (Swamp:1)
  2 bunyips (Swamp:1)
  An ettin (Orc:1)
  Fannar (D:11)
  Josephine (D:10)
  An ice dragon (Lair:5)
  5 hydras
  Harold (D:10)
  5 boulder beetles
  2 alligators (Swamp:1)
  5 centaur warriors
  A sphinx zombie (D:15)
  A death knight (D:13)
  An ogre mage (D:15)
  8 two-headed ogres
  5 death yaks (Lair:2)
  A dancing weapon (Swamp:2)
  2 tengu warriors
  An orc high priest (Orc:1)
  A skyshark (Lair:3)
  Nergalle (D:10)
  3 skeletal warriors
  2 goliath frogs
  A spark wasp zombie (D:15)
  2 swamp dragons
  3 bog bodies (Swamp:2)
  A flayed ghost (D:14)
  An arcanist (D:14)
  A necromancer (D:15)
  3 orc knights (Orc:1)
  An oklob plant (Lair:3)
  A deep elf pyromancer (D:15)
  4 orc sorcerers
  2 will-o-the-wisps (Swamp:1)
  30 ugly things
  7 cyclopes
  4 manticores
  3 meliai
  A torpor snail (Lair:2)
  2 kobold blastminers
  13 elephants
  5 black mambas
  An orange demon (Orc:2)
  12 cane toads
  A rime drake (Lair:2)
  2 gargoyles
  2 freezing wraiths
  2 unseen horrors
  4 kobold demonologists
  9 komodo dragons
  A yaktaur (D:15)
  5 hornets
  9 trolls
  3 polar bears (Lair:3)
  A queen bee (shapeshifter) (D:14)
  2 tyrant leeches (Swamp:1)
  A raiju (Orc:2)
  8 blink frogs
  19 slime creatures
  2 shadows
  A spriggan (Swamp:1)
  A spriggan (shapeshifter) (D:14)
  2 wyverns (Lair:4)
  A centaur simulacrum (D:10)
  11 wraiths
  4 water elementals
  36 yaks
  A hog (shapeshifter) (D:14)
  A fire bat (Orc:2)
  4 basilisks
  4 wargs
  3 steam dragons (Lair:5)
  12 vampire mosquitoes
  5 swamp worms
  5 acid dragons
  Edmund (D:4)
  A hell hound (Orc:2)
  11 water moccasins
  Duvessa (D:5)
  A swamp drake (Swamp:2)
  An ice beast (D:6)
  A meliai simulacrum (D:14)
  An ice beast (shapeshifter) (D:13)
  A sky beast (D:6)
  A black bear (Lair:2)
  22 orc warriors
  4 laughing skulls
  3 boggarts (D:15)
  28 wolves
  3 centaurs
  A centaur (shapeshifter) (D:10)
  6 ogres
  A phantom (D:6)
  Blork the orc (D:4)
  4 gnoll sergeants
  4 kobold brigands
  8 bullfrogs
  6 scorpions
  A water moccasin zombie (D:3)
  Dowan (D:5)
  44 killer bees
  9 electric eels
  5 howler monkeys
  7 lava snakes (Lair:2)
  A bombardier beetle (D:9)
  A gnoll bouda (D:5)
  8 hounds
  6 jellies
  31 orc priests
  Jessica (D:2)
  10 iguanas
  Ijyb (D:3)
  Natasha (D:3)
  18 orc wizards
  10 adders
  25 gnolls
  A shadow imp (D:7)
  3 white imps
  4 ufetubi (D:6)
  An adder zombie (D:3)
  3 dart slugs
  A ribbon worm (D:3)
  67 orcs
  4 bats
  12 endoplasms
  4 giant cockroaches
  A goblin (D:4)
  9 hobgoblins
  A jackal (D:4)
  6 quokkas
  9 ball pythons
  A ball python zombie (D:3)
  A frilled lizard (D:1)
  A jackal zombie (D:3)
  19 kobolds
  6 rats
760 creatures vanquished.

Vanquished Creatures (others)
  A swamp dragon (Swamp:1)
  2 bloated husks
  A ball python (D:1)
  8 foxfires (Swamp:1)
12 creatures vanquished.

Grand Total: 772 creatures vanquished

Notes
Turn   | Place    | Note
-------+----------+-------------------------------------------
     0 | D:1      | Abradoks the Draconian Shapeshifter began the quest for the
                  | Orb.
     0 | D:1      | Reached XP level 1. HP: 16/16 MP: 1/1
   212 | D:1      | Reached XP level 2. HP: 20/24 MP: 2/2
   344 | D:1      | Found Ucemoaf's Assorted Antiques.
   767 | D:2      | Found the ring of the Tortoise {AC+8}
   768 | D:2      | Noticed Jessica
   780 | D:1      | Reached XP level 3. HP: 27/30 MP: 3/3
   796 | D:2      | Killed Jessica
   909 | D:2      | Reached XP level 4. HP: 36/38 MP: 4/4
  1625 | D:3      | You fall into a shaft and drop 1 floor!
  1626 | D:4      | Noticed a scorpion
  1652 | D:4      | Killed a scorpion
  1653 | D:4      | Reached skill level 1 in Maces & Flails
  1653 | D:4      | Reached XP level 5. HP: 44/46 MP: 5/5
  1669 | D:4      | Found a stormy altar of Qazlal.
  1695 | D:4      | Noticed an ogre
  1705 | D:4      | Killed an ogre
  1710 | D:4      | Found Suosarr's Elemental Accessories.
  2114 | D:3      | Found Enuwusm's Magic Scroll Emporium.
  2118 | D:3      | Found a basalt altar of Yredelemnul.
  2129 | D:3      | Noticed Natasha
  2142 | D:3      | Killed Natasha
  2143 | D:3      | Reached skill level 2 in Maces & Flails
  2143 | D:3      | Reached XP level 6. HP: 44/53 MP: 6/6
  2269 | D:3      | Noticed Ijyb
  2278 | D:3      | Killed Ijyb
  2726 | D:4      | Noticed Edmund
  2747 | D:4      | Reached skill level 5 in Shapeshifting
  2748 | D:4      | Killed Edmund
  2749 | D:4      | Reached skill level 5 in Fighting
  2749 | D:4      | Reached skill level 3 in Maces & Flails
  2749 | D:4      | Your scales start taking on a dull iron-grey colour.
  2749 | D:4      | Reached XP level 7. HP: 51/61 MP: 7/7
  3061 | D:4      | Noticed Blork the orc
  3092 | D:4      | Killed Blork the orc
  3253 | D:4      | Found a hide-covered altar of Uskayaw.
  3388 | D:4      | Reached skill level 4 in Maces & Flails
  3469 | D:5      | Entered Level 5 of the Dungeon
  3472 | D:5      | Noticed Dowan
  3473 | D:5      | Noticed Duvessa
  3488 | D:5      | Killed Duvessa
  3493 | D:5      | Killed Dowan
  3588 | D:5      | Reached XP level 8. HP: 69/70 MP: 8/8
  3859 | D:5      | Reached skill level 5 in Maces & Flails
  4482 | D:6      | Found a broken altar of Ashenzari.
  4483 | D:6      | Found an iron altar of Okawaru.
  4695 | D:6      | Reached skill level 6 in Maces & Flails
  4702 | D:6      | Reached XP level 9. HP: 37/81 MP: 9/9
  5130 | D:6      | Found a staircase to the Ecumenical Temple.
  5379 | Temple   | Entered the Ecumenical Temple
  5428 | D:6      | Became a worshipper of Warmaster Okawaru
  5608 | D:7      | Found an ornate altar of the Wu Jian Council.
  5717 | D:7      | Found a blossoming altar of Fedhas.
  5745 | D:7      | Reached skill level 7 in Maces & Flails
  6265 | D:7      | Found a flagged portal.
  6382 | D:7      | Reached * piety under Okawaru
  6874 | D:8      | Reached skill level 8 in Maces & Flails
  7149 | D:8      | Reached skill level 1 in Invocations
  7196 | D:9      | Reached XP level 10. HP: 82/88 MP: 8/11
  7362 | D:9      | Reached ** piety under Okawaru
  7752 | D:9      | Reached skill level 9 in Maces & Flails
  7961 | D:9      | Reached *** piety under Okawaru
  8326 | D:9      | Found a snail-covered altar of Cheibriados.
  8587 | D:10     | Entered Level 10 of the Dungeon
  8667 | D:10     | Reached skill level 5 in Invocations
  8727 | D:10     | Noticed a two-headed ogre
  8756 | D:10     | Killed a two-headed ogre
  8756 | D:10     | Reached **** piety under Okawaru
  8881 | D:9      | Reached skill level 10 in Shapeshifting
  8884 | D:9      | Noticed a soul eater
  8888 | D:9      | Reached XP level 11. HP: 87/94 MP: 15/15
  8917 | D:10     | Noticed a soul eater
  8920 | D:10     | Noticed a sun demon
  8925 | D:10     | Reached skill level 10 in Maces & Flails
  9152 | D:10     | Found the amulet of Elemental Vulnerability {rPois rF--
                  | rC-- AC+8}
  9154 | D:10     | Noticed a centaur warrior
  9172 | D:10     | Killed a centaur warrior
  9578 | D:10     | Noticed Harold
  9591 | D:10     | Killed Harold
 10013 | D:11     | Noticed Nergalle
 10013 | D:11     | Noticed Josephine
 10106 | D:10     | Reached ***** piety under Okawaru
 10147 | D:10     | Killed Josephine
 10249 | D:10     | Killed Nergalle
 10249 | D:10     | Received a gift from Okawaru
 10250 | D:10     | Reached skill level 11 in Maces & Flails
 10525 | D:11     | Noticed Fannar
 10549 | D:11     | Killed Fannar
 10772 | D:11     | Found a staircase to the Orcish Mines.
 11190 | D:11     | Found a staircase to the Lair.
 11219 | D:11     | Reached skill level 1 in Shields
 11308 | D:11     | Reached XP level 12. HP: 101/101 MP: 18/18
 11826 | D:11     | Identified 2 scrolls of acquirement
 11826 | D:11     | Acquired the +0 mask of the Dragon {Will+ Slay+3 SInv}
 11826 | D:11     | Found the +0 mask of the Dragon {Will+ Slay+3 SInv}
 12704 | D:12     | Noticed a boulder beetle
 12726 | D:12     | Killed a boulder beetle
 12875 | D:12     | Noticed a boulder beetle
 12899 | D:12     | Killed a boulder beetle
 13435 | D:13     | Reached skill level 12 in Maces & Flails
 13445 | D:13     | Noticed a centaur warrior
 13461 | D:13     | Killed a centaur warrior
 13510 | D:13     | Noticed a centaur warrior
 13517 | D:13     | Killed a centaur warrior
 13517 | D:13     | Received a gift from Okawaru
 13566 | D:13     | Found a corrupted altar of Lugonu.
 13589 | D:13     | Noticed a boulder beetle
 13934 | D:13     | Noticed a boulder beetle
 13964 | D:13     | Killed a boulder beetle
 13965 | D:13     | Reached skill level 10 in Invocations
 14119 | D:13     | Noticed a two-headed ogre
 14125 | D:13     | Killed a two-headed ogre
 14126 | D:13     | Reached skill level 5 in Shields
 14183 | D:13     | Noticed a two-headed ogre
 14190 | D:13     | Killed a two-headed ogre
 14200 | D:13     | Killed a boulder beetle
 14235 | D:13     | Noticed a six-headed hydra
 14242 | D:13     | Killed a six-headed hydra
 14480 | D:13     | Reached XP level 13. HP: 107/107 MP: 20/20
 14517 | D:13     | Received a gift from Okawaru
 14517 | D:13     | Reached ****** piety under Okawaru
 14529 | D:13     | Found a gate to the Vaults.
 14529 | D:13     | Noticed an ironbound preserver
 14547 | D:13     | Killed an ironbound preserver
 15165 | Lair:1   | Entered Level 1 of the Lair of Beasts
 15369 | Lair:1   | Reached skill level 13 in Maces & Flails
 15472 | Lair:1   | Identified the +1 rapier of the Absolute Madman {heavy, rF+
                  | Int+3}
 15565 | Lair:1   | Identified the +7 rapier of a Thousand Knives {flame,
                  | Dex+3}
 15787 | Lair:1   | Received a gift from Okawaru
 16443 | Lair:2   | Acquired a +3 vampiric eveningstar
 16443 | Lair:2   | Received a gift from Okawaru
 17077 | Lair:2   | Received a gift from Okawaru
 17207 | Lair:2   | Acquired the +2 hat "Fueprisoil" {^Drain rPois rN+}
 17207 | Lair:2   | Received a gift from Okawaru
 17613 | Lair:3   | Received a gift from Okawaru
 17645 | Lair:3   | Reached skill level 14 in Maces & Flails
 17796 | Lair:3   | Found a staircase to the Snake Pit.
 18089 | Lair:3   | Found a staircase to the Swamp.
 18361 | Lair:3   | Reached XP level 14. HP: 115/115 MP: 17/21
 18563 | Lair:4   | Reached skill level 1 in Evocations
 18815 | Lair:4   | Received a gift from Okawaru
 18900 | Lair:4   | Found a white marble altar of Elyvilon.
 19453 | Lair:5   | Entered Level 5 of the Lair of Beasts
 19955 | Lair:5   | Received a gift from Okawaru
 20113 | Lair:5   | Found a viscous altar of Jiyva.
 20113 | Lair:5   | Found a staircase to the Slime Pits.
 20526 | Orc:1    | Entered Level 1 of the Orcish Mines
 20544 | Orc:1    | Noticed an orc warlord
 20674 | D:11     | Killed an orc warlord
 20675 | D:11     | Reached skill level 10 in Shields
 20950 | Orc:1    | Reached skill level 5 in Evocations
 21109 | Orc:2    | Entered Level 2 of the Orcish Mines
 21109 | Orc:2    | Found Yneupp's Antique Armour Boutique.
 21109 | Orc:2    | Found Neptoatt's Jewellery Emporium.
 21120 | Orc:1    | Received a gift from Okawaru
 21122 | Orc:1    | Found a bloodstained altar of Trog.
 21589 | Orc:1    | Reached skill level 15 in Maces & Flails
 21786 | Orc:2    | Noticed an orc warlord
 21871 | Orc:1    | Killed an orc warlord
 21941 | Orc:2    | Found Ihaes's General Store.
 22052 | Orc:2    | Reached XP level 15. HP: 121/121 MP: 22/22
 22087 | Orc:2    | Found Vekekud's General Store.
 22092 | Orc:2    | Bought the +1 pair of gloves of the Hot Ocelot {Regen+
                  | rCorr Int-5 Dex+4} for 320 gold pieces
 22092 | Orc:2    | Bought a scroll of identify for 32 gold pieces
 22123 | Orc:2    | Found Orovel Faomm's Antique Weapon Boutique.
 22162 | Orc:2    | Found Cuamuk's Book Boutique.
 22176 | Orc:2    | Found Ytaw's Antique Armour Boutique.
 22211 | Orc:2    | Found a shimmering altar of Xom.
 22363 | Orc:2    | Found a staircase to the Elven Halls.
 22479 | Orc:2    | Found Eheoh's General Store.
 22714 | D:13     | Received a gift from Okawaru
 23066 | D:14     | Received a gift from Okawaru
 23655 | D:14     | Found Ecuotoot's Antique Armour Boutique.
 23745 | D:15     | Entered Level 15 of the Dungeon
 23745 | D:15     | Found a hide-covered altar of Uskayaw.
 24158 | D:14     | Reached skill level 15 in Shapeshifting
 24198 | D:14     | Received a gift from Okawaru
 24381 | D:15     | Found a staircase to the Depths.
 25013 | Swamp:1  | Entered Level 1 of the Swamp
 25127 | Swamp:1  | Reached skill level 16 in Maces & Flails
 25285 | Swamp:1  | Received a gift from Okawaru
 25554 | Swamp:1  | Reached XP level 16. HP: 128/128 MP: 23/23
 25911 | Swamp:2  | Found a runed translucent door.
 25913 | Swamp:2  | Found a shimmering altar of Xom.
 25913 | Swamp:2  | Noticed xfalz's ghost (journeyman GnSk)
 25941 | Swamp:1  | HP: 6/128 [burnt (9)]
 25942 | Swamp:1  | Incinerated by xfalz's ghost

Illustrated notes

Levels and vault maps discovered:
D:1:      amcnicky_arrival_double_pillar, layout_basic, serial_shops, shop
D:2:      layout_rooms, uniq_jessica
D:3:      layout_basic, nicolae_yredelemnul_corpse_copse, serial_shops,
          shop_fountains, uniq_ijyb, uniq_natasha
D:4:      minmay_chambers_of_twos, layout_basic, lemuel_doored_altar,
          lemuel_tele_altar, nicolae_elemental_shop, uniq_blork_the_orc,
          uniq_edmund
D:5:      layout_loops_ring, uniq_duvessa
D:6:      layout_loops_corners, nicolae_overflow_squiral,
          minmay_temple_entry_antechambers
D:7:      layout_basic, mainiacjoe_overflow_brackets, mainiacjoe_overflow_paths,
          enter_bailey_8, blue_anna_alchemist
D:8:      layout_basic
D:9:      layout_roguey, chei_slow_surprise, kennysheep_generic_room_16
D:10:     layout_cave_pools, minmay_radiant, uniq_harold
D:11:     layout_small_grid, erik_lair_island, david_orc_3, uniq_nergalle,
          uniq_fannar, uniq_josephine
D:12:     layout_grid_maze, drop_trap
D:13:     layout_gridville, skrybe_vaults_entry_preservation,
          serial_co_window_serial, co_window_paths_a, co_window_paths_a,
          co_window_paths_a, co_window_paths_a, co_window_corner_a,
          co_window_corner_a, co_window_2corner, co_window_cross_3,
          co_window_unsneaky_path_c, co_window_of_opportunity_c,
          co_window_broadway_b, co_window_corner_cb, co_window_paths_d,
          co_window_4corner_a, glass_columns_c, glass_columns_c,
          glass_columns_b, glass_columns_a, tgw_lugonu_bribe
D:14:     layout_loops_ring, serial_shops, nicolae_shop_scrapyard,
          serial_bayou_shore_a
D:15:     gammafunk_depths_entry_grave, layout_long_grid, serial_bayou_pond_e,
          eat_drink_and_be_merry_uskayaw
Temple:   compressed_dpeg_circular_temple
Lair:1:   wad_woods_minihive, layout_regular_city
Lair:2:   layout_roguey, nicolae_lair_liquid_snakes
Lair:3:   layout_gridlike, minmay_swamp_entry_swarm, dummy_snake_entry,
          minmay_lair_oklob_items, chequers_serial_rivers_large_b,
          cheibrodos_lair_lostbears, grunt_megastairs_5
Lair:4:   layout_gridlike, basic_altar, wad_woods_03, grunt_megastairs_2,
          infiniplex_staircase_pool
Lair:5:   guppyfry_lair_end_dragon, layout_misc_corridors,
          nicolae_slime_entry_slimehenge
Swamp:1:  layout_basic_swamp, serial_swamp_ruin, evilmike_swamp_ruin_house_4,
          hangedman_swamp_ruin_wall
Swamp:2:  layout_basic_swamp, ebering_ghost_xom, nicolae_swamp_small_spring
Orc:1:    layout_diamond_mine, basic_altar, serial_shops, abandoned_shop,
          trog_butcher_becter
Orc:2:    grunt_orc_cross, layout_caves, serial_shops,
          nicolae_shop_rolling_square, shop, shop,
          nicolae_shop_just_a_little_nook, regret_index_xom_of_box

Skill      XL: |  1  2  3  4  5  6  7  8  9 10 11 12 13 14 15 16 |
---------------+-------------------------------------------------+-----
Fighting       | 2 3 4 5 6 7 8 |  8.0
Shapeshifting  | 4 5 7 8 10 11 12 13 14 15 | 15.3
Maces & Flails | 1 2 3 4 6 8 9 11 12 14 15 16 | 16.1
Dodging        | 2 |  2.0
Invocations    | 1 5 8 10 | 10.0
Shields        | 1 5 8 10 11 12 | 12.0
Evocations     | 5 8 |  8.4
Unarmed Combat | |  3.0

Action                     |  1- 3 |  4- 6 |  7- 9 | 10-12 | 13-15 | 16-18 || total
---------------------------+-------+-------+-------+-------+-------+-------++-------
  Melee: Unarmed           |    73 |   130 |       |       |       |       ||   203
         Tailslap          |     8 |    16 |    61 |   159 |   261 |    10 ||   515
         Punch             |     2 |     1 |    15 |    21 |       |       ||    39
         Mace              |       |     7 |       |       |       |       ||     7
         Flail             |       |       |    91 |     9 |       |       ||   100
         Whip              |       |       |   382 |   737 |   292 |       ||  1411
         Maw               |       |       |       |   104 |   549 |    21 ||   674
         Eveningstar       |       |       |       |       |  1155 |    48 ||  1203
 Invoke: Heroism           |       |       |       |     2 |     2 |       ||     4
         Receive Weapon    |       |       |       |       |     1 |       ||     1
         Receive Armour    |       |       |       |       |     1 |       ||     1
  Evoke: Wand              |       |       |       |     4 |    14 |       ||    18
    Use: Scroll            |       |       |     8 |    11 |    10 |     1 ||    30
   Stab: Sleeping          |       |       |     2 |     2 |     1 |       ||     5
         Distracted        |       |       |       |       |     1 |       ||     1
 Armour: Skin              |    45 |   114 |   362 |   443 |  1238 |    37 ||  2239
  Dodge: Dodged            |    58 |    67 |   297 |   270 |   788 |    15 ||  1495
  Block: Buckler           |       |       |       |    26 |   476 |    10 ||   512
   Form: Maw               |       |       |       |     1 |       |       ||     1
